NYP
BATAVIA MUCKDOGS @ STATE COLLEGE SPIKES
04/18/2046
 
TOP OF THE 1ST
Batavia Muckdogs batting - Pitching for State College Spikes : RHP Chris Moore
Pitching: RHP Chris Moore
Batting: LHB Orlando Rivera 0-0: Called Strike
0-1: Bunted foul
0-2: Ball
1-2: Fly out, F3 (Line Drive, 3, EV 68.1 MPH)
Batting: RHB Manuel Taveras 0-0: Called Strike
0-1: Called Strike
0-2: Ball
1-2: Strikes out swinging
Batting: RHB Nate Crofts 0-0: Ball
1-0: Ball
2-0: DOUBLE (Line Drive, 78XD, EV 101.2 MPH)
Batting: SHB Matt Moore 0-0: Ball
1-0: Ball
2-0: Ground out 4-3 (Groundball, 4, EV 102.5 MPH)
Top of the 1st over - 0 runs, 1 hit, 0 errors, 1 left on base; Batavia 0 - State College 0
BOTTOM OF THE 1ST
State College Spikes batting - Pitching for Batavia Muckdogs : RHP Santiago Navarro
Pitching: RHP Santiago Navarro
Batting: LHB Ken Compton 0-0: Ball
1-0: SINGLE (Groundball, 4M, EV 106.9 MPH) (infield hit)
Batting: RHB Tim Jobe 0-0: Called Strike
Ken Compton steals 2nd base
0-1: 2-RUN HOME RUN (Flyball, 7D, EV 105.0 MPH), Distance : 401 ft
Batting: RHB Joe Alley 0-0: Called Strike
0-1: Ball
1-1: Called Strike
1-2: Foul Ball, location: 2F
1-2: Ball
2-2: Ball
3-2: Foul Ball, location: 2F
3-2: Strikes out looking
Batting: RHB Richard Riggs 0-0: Ball
1-0: Ball
2-0: Fly out, F7 (Flyball, 7, EV 86.2 MPH)
Batting: RHB Yorkis Saiki 0-0: Called Strike
0-1: Ball
1-1: Fly out, F8 (Flyball, 8RM, EV 95.0 MPH)
Bottom of the 1st over - 2 runs, 2 hits, 0 errors, 0 left on base; Batavia 0 - State College 2
TOP OF THE 2ND
Batavia Muckdogs batting - Pitching for State College Spikes : RHP Chris Moore
Batting: LHB Matt McKeon 0-0: Called Strike
0-1: Foul Ball, location: 2F
0-2: Ground out 4-3 (Groundball, 4, EV 78.1 MPH)
Batting: RHB Justin Dunham 0-0: Ball
1-0: Swinging Strike
1-1: Foul Ball, location: 2F
1-2: Ball
2-2: Foul Ball, location: 2F
2-2: Ball
3-2: Ground out 6-3 (Groundball, 6, EV 77.5 MPH)
Batting: SHB Justin Corbett 0-0: Ball
1-0: Foul Ball, location: 2F
1-1: Called Strike
1-2: Strikes out swinging
Top of the 2nd over - 0 runs, 0 hits, 0 errors, 0 left on base; Batavia 0 - State College 2
BOTTOM OF THE 2ND
State College Spikes batting - Pitching for Batavia Muckdogs : RHP Santiago Navarro
Batting: LHB Keith Rice 0-0: Ball
1-0: Ball
2-0: Foul Ball, location: 2F
2-1: Swinging Strike
2-2: Strikes out swinging
Batting: RHB Ben Politi 0-0: Foul Ball, location: 2F
0-1: Called Strike
0-2: Ball
1-2: Strikes out looking
Batting: RHB Joey Black 0-0: Called Strike
0-1: Called Strike
0-2: Strikes out swinging
Bottom of the 2nd over - 0 runs, 0 hits, 0 errors, 0 left on base; Batavia 0 - State College 2
TOP OF THE 3RD
Batavia Muckdogs batting - Pitching for State College Spikes : RHP Chris Moore
Batting: RHB Axel Moltke 0-0: Ball
1-0: Called Strike
1-1: Called Strike
1-2: Strikes out swinging
Batting: RHB Bob Raine 0-0: Called Strike
0-1: SINGLE (Groundball, 56D, EV 96.9 MPH)
Batting: LHB Orlando Rivera 0-0: Ball
1-0: Called Strike
1-1: Swinging Strike
1-2: Foul Ball, location: 2F
1-2: Strikes out swinging
Batting: RHB Manuel Taveras 0-0: Foul Ball, location: 2F
0-1: Foul Ball, location: 2F
0-2: Foul Ball, location: 2F
0-2: Ball
1-2: Fielders Choice at 2nd, 6-4 (Groundball, 6, EV 101.2 MPH)
Top of the 3rd over - 0 runs, 1 hit, 0 errors, 1 left on base; Batavia 0 - State College 2
BOTTOM OF THE 3RD
State College Spikes batting - Pitching for Batavia Muckdogs : RHP Santiago Navarro
Batting: RHB Bobby Miles 0-0: Called Strike
0-1: Ball
1-1: Swinging Strike
1-2: Ball
2-2: Ball
3-2: Base on Balls
Batting: LHB Ken Compton 0-0: Swinging Strike
0-1: Fielders Choice at 2nd, 4-6 (Groundball, 34, EV 83.1 MPH)
Batting: RHB Tim Jobe 0-0: Called Strike
0-1: Called Strike
0-2: Ball
Ken Compton steals 2nd base
1-2: Ball
2-2: Foul Ball, location: 2F
2-2: Ball
3-2: Foul Ball, location: 2F
3-2: DOUBLE (Line Drive, 9LS, EV 109.4 MPH)
Ken Compton scores
Batting: RHB Joe Alley 0-0: Ball
1-0: Ball
2-0: Foul Ball, location: 2F
2-1: Ball
3-1: Base on Balls
Batting: RHB Richard Riggs 0-0: Ball
Tim Jobe steals 3rd base
Joe Alley to second
1-0: Foul Ball, location: 2F
1-1: Hit by Pitch
Batting: RHB Yorkis Saiki 0-0: Called Strike
0-1: Swinging Strike
0-2: Foul Ball, location: 2F
0-2: Foul Ball, location: 2F
0-2: Ball
1-2: Fly out, F3 (Popup, 3S, EV 83.8 MPH)
Batting: LHB Keith Rice 0-0: Ball
1-0: Ball
2-0: Ball
3-0: Base on Balls
Tim Jobe scores
Joe Alley to third
Richard Riggs to second
Pitching: RHP Adrian Bocker
Batting: RHB Ben Politi 0-0: Ground out U3 (Groundball, 34, EV 87.5 MPH)
Bottom of the 3rd over - 2 runs, 1 hit, 0 errors, 3 left on base; Batavia 0 - State College 4
TOP OF THE 4TH
Batavia Muckdogs batting - Pitching for State College Spikes : RHP Chris Moore
Batting: RHB Nate Crofts 0-0: Ball
1-0: Ball
2-0: Foul Ball, location: 2F
2-1: Swinging Strike
2-2: Foul Ball, location: 2F
2-2: Foul Ball, location: 2F
2-2: Strikes out swinging
Batting: SHB Matt Moore 0-0: Called Strike
0-1: Ball
1-1: Called Strike
1-2: Ball
2-2: Foul Ball, location: 2F
2-2: Strikes out swinging
Batting: LHB Matt McKeon 0-0: Swinging Strike
0-1: Foul Ball, location: 2F
0-2: Strikes out swinging
Top of the 4th over - 0 runs, 0 hits, 0 errors, 0 left on base; Batavia 0 - State College 4
BOTTOM OF THE 4TH
State College Spikes batting - Pitching for Batavia Muckdogs : RHP Adrian Bocker
Batting: RHB Joey Black 0-0: Ball
1-0: Ball
2-0: Called Strike
2-1: Ball
3-1: Base on Balls
Batting: RHB Bobby Miles 0-0: Called Strike
Joey Black steals 2nd base
0-1: Foul Ball, location: 2F
0-2: Strikes out swinging
Batting: LHB Ken Compton 0-0: Foul Ball, location: 2F
0-1: Swinging Strike
0-2: Ground out U3 (Groundball, 34, EV 96.9 MPH)
Joey Black to third
Batting: RHB Tim Jobe 0-0: Foul Ball, location: 2F
0-1: Ball
1-1: Called Strike
1-2: Foul Ball, location: 2F
1-2: SINGLE (Groundball, 34S, EV 67.5 MPH) (infield hit)
Joey Black scores
Batting: RHB Joe Alley 0-0: Ball
1-0: Ball
2-0: SINGLE (Groundball, 6MD, EV 96.9 MPH)
Tim Jobe to second
Batting: RHB Richard Riggs 0-0: Fly out, F7 (Flyball, 7S, EV 91.9 MPH)
Bottom of the 4th over - 1 run, 2 hits, 0 errors, 2 left on base; Batavia 0 - State College 5
TOP OF THE 5TH
Batavia Muckdogs batting - Pitching for State College Spikes : RHP Chris Moore
Batting: RHB Justin Dunham 0-0: Fly out, F8 (Flyball, 8RXD, EV 90.6 MPH)
Batting: SHB Justin Corbett 0-0: Foul Ball, location: 2F
0-1: Ball
1-1: Ball
2-1: Ground out U3 (Groundball, 23, EV 90.0 MPH)
Batting: RHB Axel Moltke 0-0: Ground out 6-3 (Groundball, 6, EV 82.5 MPH)
Top of the 5th over - 0 runs, 0 hits, 0 errors, 0 left on base; Batavia 0 - State College 5
BOTTOM OF THE 5TH
State College Spikes batting - Pitching for Batavia Muckdogs : RHP Adrian Bocker
Batting: RHB Yorkis Saiki 0-0: Ball
1-0: Ball
2-0: Foul Ball, location: 2F
2-1: Ball
3-1: Base on Balls
Batting: LHB Keith Rice 0-0: Called Strike
0-1: Foul Ball, location: 2F
0-2: Ball
1-2: SINGLE (Groundball, 34D, EV 97.5 MPH)
Yorkis Saiki to second
Batting: RHB Ben Politi 0-0: Called Strike
0-1: Fly out, F9 (Flyball, 9D, EV 103.1 MPH)
Batting: RHB Joey Black 0-0: Ball
1-0: Ball
2-0: Foul Ball, location: 2F
2-1: Ball
3-1: DOUBLE (Groundball, 5L, EV 102.5 MPH)
Yorkis Saiki scores
Keith Rice to third
Batting: RHB Bobby Miles 0-0: Called Strike
0-1: Foul Ball, location: 2F
0-2: SINGLE (Line Drive, 6MD, EV 98.1 MPH)
Keith Rice scores
Joey Black to third
Runner from 3rd tries for Home, SAFE, throw by CF to home
Batting: LHB Ken Compton 0-0: Ball
1-0: Ball
2-0: SINGLE (Line Drive, 4D, EV 109.4 MPH)
Bobby Miles to second
Batting: RHB Tim Jobe 0-0: Ball
1-0: Grounds into double play, 5-4-3 (Groundball, 56S, EV 89.4 MPH)
Bottom of the 5th over - 3 runs, 4 hits, 0 errors, 1 left on base; Batavia 0 - State College 8
TOP OF THE 6TH
Batavia Muckdogs batting - Pitching for State College Spikes : RHP Chris Moore
Batting: RHB Bob Raine 0-0: DOUBLE (Groundball, 5L, EV 105.0 MPH)
Batting: LHB Orlando Rivera 0-0: Foul Ball, location: 2F
0-1: Ground out U3 (Groundball, 34, EV 90.0 MPH)
Bob Raine to third
Batting: RHB Manuel Taveras 0-0: Swinging Strike
0-1: Fly out, F1 (Line Drive, P, EV 70.6 MPH)
Batting: RHB Nate Crofts 0-0: Ball
1-0: Called Strike
1-1: SINGLE (Groundball, 56D, EV 107.5 MPH)
Bob Raine scores
Batting: SHB Matt Moore 0-0: Swinging Strike
0-1: Ball
1-1: Fly out, F7 (Flyball, 7D, EV 100.0 MPH)
Top of the 6th over - 1 run, 2 hits, 0 errors, 1 left on base; Batavia 1 - State College 8
BOTTOM OF THE 6TH
State College Spikes batting - Pitching for Batavia Muckdogs : RHP Adrian Bocker
Batting: RHB Joe Alley 0-0: Ball
1-0: Ball
2-0: Foul Ball, location: 2F
2-1: Fly out, F9 (Flyball, 89D, EV 101.9 MPH)
Batting: RHB Richard Riggs 0-0: Foul Ball, location: 2F
0-1: Ball
1-1: Swinging Strike
1-2: Ball
2-2: Ground out 5-3 (Groundball, 56, EV 104.4 MPH)
Batting: RHB Yorkis Saiki 0-0: Ball
1-0: Ball
2-0: Ball
3-0: Base on Balls
Batting: LHB Keith Rice 0-0: Ball
1-0: Ball
2-0: Called Strike
2-1: Foul Ball, location: 2F
2-2: Ball
3-2: Base on Balls
Yorkis Saiki to second
Pitching: RHP Eric Jordan
Batting: RHB Ben Politi 0-0: Foul Ball, location: 2F
0-1: Called Strike
0-2: Foul Ball, location: 2F
0-2: Ball
1-2: Strikes out swinging
Bottom of the 6th over - 0 runs, 0 hits, 0 errors, 2 left on base; Batavia 1 - State College 8
TOP OF THE 7TH
Batavia Muckdogs batting - Pitching for State College Spikes : RHP Chris Moore
Pitching: LHP Andy Fitzsimmons
Batting: LHB Matt McKeon 0-0: Called Strike
0-1: Ground out 4-3 (Groundball, 4S, EV 76.9 MPH)
Batting: RHB Justin Dunham 0-0: Foul Ball, location: 2F
0-1: Called Strike
0-2: Ball
1-2: Foul Ball, location: 2F
1-2: Strikes out looking
Batting: SHB Justin Corbett 0-0: Ball
1-0: Swinging Strike
1-1: Foul Ball, location: 2F
1-2: Strikes out swinging
Top of the 7th over - 0 runs, 0 hits, 0 errors, 0 left on base; Batavia 1 - State College 8
BOTTOM OF THE 7TH
State College Spikes batting - Pitching for Batavia Muckdogs : RHP Eric Jordan
Batting: RHB Joey Black 0-0: Called Strike
0-1: Ground out 4-3 (Groundball, 4M, EV 89.4 MPH)
Batting: RHB Bobby Miles 0-0: Ball
1-0: Foul Ball, location: 2F
1-1: Foul Ball, location: 2F
1-2: Ball
2-2: Foul Ball, location: 2F
2-2: Strikes out looking
Batting: LHB Ken Compton 0-0: Ball
1-0: Called Strike
1-1: Ground out 4-3 (Groundball, 4S, EV 91.9 MPH)
Bottom of the 7th over - 0 runs, 0 hits, 0 errors, 0 left on base; Batavia 1 - State College 8
TOP OF THE 8TH
Batavia Muckdogs batting - Pitching for State College Spikes : LHP Andy Fitzsimmons
Batting: RHB Axel Moltke 0-0: Ball
1-0: Ball
2-0: Called Strike
2-1: Swinging Strike
2-2: Foul Ball, location: 2F
2-2: Ground out 5-3 (Groundball, 56S, EV 81.9 MPH)
Batting: RHB Bob Raine 0-0: Ball
1-0: Fly out, F2 (Popup, 23F, EV 71.9 MPH)
Batting: LHB Orlando Rivera 0-0: SINGLE (Groundball, 34S, EV 68.8 MPH) (infield hit)
Batting: RHB Manuel Taveras 0-0: Ball
1-0: Foul Ball, location: 2F
1-1: Foul Ball, location: 2F
1-2: Ball
2-2: Ball
3-2: Strikes out swinging
Top of the 8th over - 0 runs, 1 hit, 0 errors, 1 left on base; Batavia 1 - State College 8
BOTTOM OF THE 8TH
State College Spikes batting - Pitching for Batavia Muckdogs : RHP Eric Jordan
Batting: RHB Tim Jobe 0-0: Ball
1-0: Ground out U3 (Groundball, 34S, EV 83.8 MPH)
Batting: RHB Joe Alley 0-0: Called Strike
0-1: Ball
1-1: Hit by Pitch
Batting: RHB Richard Riggs 0-0: Ball
Wild Pitch!
Joe Alley to second
1-0: Foul Ball, location: 2F
1-1: Ball
2-1: Fly out, F6 (Popup, 6S, EV 74.4 MPH)
Batting: RHB Yorkis Saiki 0-0: Called Strike
0-1: Swinging Strike
Balk!
Joe Alley to third
0-2: SINGLE (Groundball, 6MD, EV 100.6 MPH)
Joe Alley scores
Batting: LHB Keith Rice 0-0: Ground out 4-3 (Groundball, 4, EV 94.4 MPH)
Bottom of the 8th over - 1 run, 1 hit, 0 errors, 1 left on base; Batavia 1 - State College 9
TOP OF THE 9TH
Batavia Muckdogs batting - Pitching for State College Spikes : LHP Andy Fitzsimmons
Batting: RHB Nate Crofts 0-0: Ball
1-0: Swinging Strike
1-1: Ball
2-1: Ground out 5-3 (Groundball, 56, EV 88.1 MPH)
Batting: SHB Matt Moore 0-0: Called Strike
0-1: Foul Ball, location: 2F
0-2: Strikes out swinging
Batting: LHB Matt McKeon 0-0: Foul Ball, location: 2F
0-1: Called Strike
0-2: Strikes out swinging
Top of the 9th over - 0 runs, 0 hits, 0 errors, 0 left on base; Batavia 1 - State College 9
Tuesday, September 13th , 2022 - OOTP Baseball 23.7 Build 88